 Dungeon Crawl Stone Soup version 0.27-a0-909-g0721f30 (webtiles) character file.

Game seed: 8027397104083688839

825 2tousent the Changer (level 7, -3/56 HPs)
             Began as a Black Draconian Transmuter on Apr 8, 2021.
             Was an Elder of Uskayaw.
             Killed themself with a badly aimed orb of electricity (11 damage)
             ... on level 5 of the Dungeon.
             The game lasted 00:11:05 (6117 turns).

2tousent the Changer (Black Draconian Transmuter)   Turns: 6117, Time: 00:11:06

Health: -3/56      AC:  6    Str: 13    XL:     7   Next: 64%
Magic:  10/13      EV: 12    Int: 19    God:    Uskayaw [****..]
Gold:   228        SH:  0    Dex: 13    Spells: 8/14 levels left

rFire    . . .     SeeInvis .     - Unarmed
rCold    . . .     Faith    .   (no shield)
rNeg     + . .     Spirit   .   (armour unavailable)
rPois    .         Reflect  .   (helmet restricted)
rElec    +         Harm     .   (no cloak)
rCorr    .         Rampage  .   (no gloves)
Will     .....                  (no boots)
Stlth    +.........             (no amulet)
HPRegen  0.18/turn              o - +6 ring of intelligence
MPRegen  0.13/turn              l - ring of positive energy

@: no status effects
A: breathe lightning, AC +6, unfitting armour, electricity resistance,
cold-blooded
a: Breathe Lightning, Renounce Religion, Stomp, Line Pass


You were on level 5 of the Dungeon.
You worshipped Uskayaw.
Uskayaw was noncommittal.
You visited 1 branch of the dungeon, and saw 5 of its levels.

You collected 228 gold pieces.

Inventory:

Missiles
 f - a throwing net
 h - 2 atropa-tipped darts
Jewellery
 l - a ring of positive energy (right hand)
 o - a +6 ring of intelligence (left hand)
Wands
 p - a wand of charming (5)
Scrolls
 a - 2 scrolls of teleportation
Potions
 b - 2 potions of curing {unknown}
 d - 2 potions of degeneration
 e - 2 potions of brilliance
 g - a potion of haste {unknown}
 i - a potion of attraction
 j - a potion of ambrosia {unknown}
 k - a potion of invisibility {unknown}
 m - a potion of lignification {unknown}
 n - a potion of mutation {unknown}
 q - a potion of might {unknown}


   Skills:
 + Level 2.5 Fighting
 - Level 1.7 Dodging
 * Level 4.9 Unarmed Combat
 + Level 4.0 Spellcasting
 + Level 5.4 Transmutations
 - Level 3.0 Poison Magic


You had 8 spell levels left.
You knew the following spells:

 Your Spells              Type           Power      Damage    Failure   Level
a - Beastly Appendage     Tmut           48%        N/A       1%          1
b - Wereblood             Tmut           24%        N/A       2%          2
c - Spider Form           Tmut/Pois      9%         N/A       7%          3

Your spell library contained the following spells:

 Spells                   Type           Power      Damage    Failure   Level
 Magic Dart               Conj           12%        1d3       14%         1
 Blink                    Tloc           N/A        N/A       21%         2
 Call Imp                 Summ           3%         N/A       21%         2
 Slow                     Hex            3%         N/A       21%         2
 Mephitic Cloud           Conj/Pois/Air  7%         N/A       26%         3
 Hydra Form               Tmut           12%        N/A       36%         5
 Confusing Touch          Hex            3%         N/A       38%         3
 Conjure Flame            Conj/Fire      3%         6-21      38%         3
 Gell's Gravitas          Tloc           1%         N/A       38%         3
 Ice Form                 Ice/Tmut       14%        N/A       41%         4
 Petrify                  Tmut/Erth      14%        N/A       41%         4
 Yara's Violent Unravell  Hex/Tmut       7%         3d5       77%         5
 Metabolic Englaciation   Hex/Ice        1%         N/A       98%         5


Dungeon Overview and Level Annotations

Branches:
Dungeon (5/15)
 Temple: D:4-7

Altars:
Ashenzari
Cheibriados
Uskayaw


Innate Abilities, Weirdness & Mutations

You can breathe wild blasts of lightning.
Your glossy black scales are hard. (AC +6)
You cannot fit into any form of body armour.
You are resistant to electric shocks. (rElec)
You are cold-blooded and may be slowed by cold attacks.


Message History

The killer bee zombie barely misses you.
The phantom hits you but does no damage.
You hit the phantom but do no damage.
The phantom is moderately damaged.
The phantom is no longer sharing its pain.
The killer bee zombie misses you.
The killer bee zombie completely misses you.
The phantom hits you.
The phantom blinks!
You blink.
You bite the phantom!
The phantom is heavily damaged.
The water moccasin skeleton is no longer sharing its pain.
The killer bee zombie is no longer sharing its pain.
The phantom barely misses you.
Uskayaw prepares the audience for your solo!
The helpless phantom fails to defend itself.
You hit the phantom.
The phantom is severely damaged.
The water moccasin skeleton is no longer paralysed.
The killer bee zombie is no longer paralysed.
The phantom is no longer paralysed.
You hit the phantom.
The phantom is severely damaged.
The killer bee zombie closely misses you.
The phantom misses you. The killer bee zombie hits you.
A killer bee zombie comes into view.
You stomp with the beat, sending a shockwave through the revellers around you!
The phantom is almost destroyed.
The killer bee zombie is moderately damaged.
Your transformation has ended.
The killer bee zombie barely misses you.
The phantom hits you!
* * * LOW HITPOINT WARNING * * *
The phantom blinks!
You blink.
Uskayaw will force your foes to share their pain.
Unknown command.
You breathe a wild blast of lightning!
The orb of electricity explodes!
The orb of electricity engulfs the phantom!
You destroy the phantom!
The orb of electricity engulfs you! You resist.
You die...

#..### #. #######.## #.
.......)## #.
#####.Z..#####. #
#Z§##.......
.##..##..##Z.##
######....####.#.#W#.
####..................†.
.......@........#.#.#W#.
####........###.........
######..Z# ###.#.#.#.
#......#....<.(.
####..#.#.#.#.
##.).(.... ##.#.#.#.
#...###. ## ..


You could see 2 killer bee zombies.

Vanquished Creatures
  Menkaure (D:4)
  An ogre (D:3)
  2 phantoms (D:5)
  2 scorpions
  A howler monkey (D:4)
  A hound (D:5)
  A centaur skeleton (D:4)
  Terence (D:2)
  3 orc wizards
  Natasha (twice) (D:2)
  3 adders (D:3)
  4 ufetubi
  2 worms
  4 dart slugs
  8 orcs
  5 bats
  6 endoplasms
  6 giant cockroaches
  18 goblins
  18 hobgoblins
  3 jackals
  2 kobolds (D:2)
  5 quokkas
  7 ball pythons
  5 frilled lizards
  7 rats
118 creatures vanquished.

Notes
Turn   | Place    | Note
-------+----------+-------------------------------------------
     0 | D:1      | 2tousent the Draconian Transmuter began the quest for the
                  | Orb.
     0 | D:1      | Reached XP level 1. HP: 16/16 MP: 3/3
    87 | D:1      | Found a faded altar of an unknown god.
   108 | D:1      | Reached XP level 2. HP: 14/23 MP: 5/5
   112 | D:1      | Became a worshipper of Uskayaw the Reveller
   112 | D:1      | Reached * piety under Uskayaw
   349 | D:1      | Reached ** piety under Uskayaw
   531 | D:1      | Reached *** piety under Uskayaw
   797 | D:1      | Reached XP level 3. HP: 28/28 MP: 6/6
  1272 | D:2      | Noticed Natasha
  1284 | D:2      | Killed Natasha
  1285 | D:2      | Reached skill level 3 in Transmutations
  1290 | D:2      | Noticed Natasha
  1472 | D:3      | Learned a level 2 spell: Wereblood
  1476 | D:3      | Learned a level 3 spell: Spider Form
  1606 | D:3      | Reached XP level 4. HP: 34/35 MP: 5/7
  2600 | D:2      | Noticed a scorpion
  2613 | D:2      | Killed a scorpion
  2614 | D:2      | Reached skill level 1 in Poison Magic
  2614 | D:2      | Reached XP level 5. HP: 32/40 MP: 0/9
  2772 | D:2      | Noticed Terence
  2778 | D:2      | Killed Terence
  2779 | D:2      | Reached skill level 4 in Transmutations
  3200 | D:2      | Killed Natasha
  3858 | D:3      | Found a broken altar of Ashenzari.
  4321 | D:3      | Reached XP level 6. HP: 47/47 MP: 10/10
  4790 | D:4      | Reached skill level 5 in Transmutations
  5313 | D:4      | Noticed Menkaure
  5327 | D:4      | Killed Menkaure
  5328 | D:4      | Your scales start taking on a glossy black colour.
  5328 | D:4      | Reached XP level 7. HP: 11/53 MP: 12/12
  5328 | D:4      | Gained mutation: You are resistant to electric shocks.
                  | (rElec) [Black Draconian growth]
  5856 | D:4      | Found a snail-covered altar of Cheibriados.
  6051 | D:5      | Entered Level 5 of the Dungeon
  6110 | D:5      | Reached **** piety under Uskayaw
  6117 | D:5      | Killed themself with a badly aimed orb of electricity

Illustrated notes

Levels and vault maps discovered:
D:1:      eino_arrival_cavern_a, layout_rooms, basic_ecumenical_altar,
          minmay_pentomino_s2
D:2:      cheibrodos_greedy_goblins, layout_rooms, serial_curves,
          eino_curves_01, eino_curves_03, eino_curves_03, roderic_lattice_a,
          kennysheep_decorative_pillar, uniq_terence, uniq_natasha
D:3:      minmay_bubble_buster, layout_basic, ashenzari_altar_1, nrook_uturn,
          kennysheep_crisscross, solitary_fountain, minmay_stone_trees_small,
          st_stairs_8
D:4:      layout_gridville, cheibrodos_worm_habitat, uniq_menkaure
D:5:      layout_rooms, chequers_jeans, moated_statue, st_stairs_9

Skill      XL: |  1  2  3  4  5  6  7 |
---------------+----------------------+-----
Transmutations | 3 4 5 |  5.4
Poison Magic   | 1 2 3 |  3.0
Spellcasting   | 3 4 |  4.0
Unarmed Combat | 4 |  4.9
Fighting       | 2 |  2.5
Dodging        | |  1.7

Action                   |  1- 3 |  4- 6 |  7- 9 || total
-------------------------+-------+-------+-------++-------
Melee: Unarmed           |    85 |   238 |    84 ||   407
       Kick              |    15 |    10 |       ||    25
       Tailslap          |     8 |    14 |     1 ||    23
       Headbutt          |     9 |     7 |       ||    16
       Punch             |       |     1 |     1 ||     2
 Cast: Beastly Appendage |    15 |     9 |       ||    24
       Spider Form       |       |    10 |     6 ||    16
Invok: Stomp             |       |       |     1 ||     1
 Abil: Breathe Lightning |       |       |     2 ||     2
  Use: Scroll            |     3 |     3 |       ||     6
       Potion            |       |     2 |     1 ||     3
 Stab: Paralysed         |     1 |     2 |     3 ||     6
       Sleeping          |     2 |     1 |       ||     3
       Distracted        |       |     1 |       ||     1
Armor: Skin              |    30 |    39 |    16 ||    85
Dodge: Dodged            |    60 |   130 |    99 ||   289

Table legend: (Time is in decaauts)
 A = Elapsed time spent in this place.
 B = Non-inter-level travel time spent in this place.
 C = Inter-level travel time spent in this place.
 D = Time resting spent in this place.
 E = Time spent auto-exploring this place.
 F = Levels seen in this place.
 G = Mean time per level.
                   A        B        C        D        E       F      G
               +--------+--------+--------+--------+--------+-----+--------+
         Total |   6118 |   5902 |    216 |    263 |   4773 |   5 | 1223.6 |
       Dungeon |   6118 |   5902 |    216 |    263 |   4773 |   5 | 1223.6 |
               +--------+--------+--------+--------+--------+-----+--------+

Top non-repeatable levels by time:
     D:3: 2140 daAuts
     D:2: 1390 daAuts
     D:4: 1278 daAuts
     D:1: 1246 daAuts
     D:5: 61 daAuts
